 Dungeon Crawl Stone Soup version 0.32-a0-886-g41c5271027 (webtiles) character file.

Game seed: 17897855115652249414

218317 Alarak the Champion of Chaos (level 18, -3/140 HPs)
             Began as a Demonspawn Fighter on Apr 2, 2024.
             Was the Champion of Makhleb.
             Asphyxiated
             ... on level 4 of the Snake Pit on Apr 3, 2024.
             The game lasted 01:59:39 (31750 turns).

Alarak the Champion of Chaos (Demonspawn Fighter)  Turns: 31750, Time: 01:59:41

Health: -3/140     AC: 39    Str: 24    XL:     18   Next: 41%
Magic:  0/29       EV: 10    Int:  9    God:    Makhleb [******]
Gold:   866        SH:  8    Dex: 14    Spells: 17/17 levels left

rFire   . . .        Y - +8 pair of quick blades "Gyre" and "Gimble" {protect}
rCold   . . .        (shield currently unavailable)
rNeg    . . .        q - +12 plate armour of the Loofah {rCorr Stlth+}
rPois   .            M - +2 hat
rElec   .            i - scarf {repulsion}
rCorr   +            O - +2 pair of gloves {Str+3}
SInv    .            F - +2 pair of boots {Stlth+}
Will    +....        R - brooch of Shielding {Spirit SH+8} Stlth
                     V - +4 ring of slaying
HPRegen 0.43/turn    Q - +4 ring of slaying
MPRegen 0.21/turn

%: repel missiles, guardian spirit
@: lethally poisoned (-3 -> -95), weakened, slowed, wreathed by umbra, very slow
A: ignite blood 2, sharp scales 3, corrupting presence 1, weakness stinger 2,
foul shadow 2, clumsy 1, low MP 1
}: 1/15 runes: barnacled
a: Renounce Religion, Minor Destruction, Lesser Servant of Makhleb, Major
Destruction, Greater Servant of Makhleb


You were on level 4 of the Snake Pit.
You worshipped Makhleb.
Makhleb was exalted by your worship.
You visited 6 branches of the dungeon, and saw 31 of its levels.
You visited 1 bazaar.
You also visited: Ossuary and Gauntlet.

You collected 3416 gold pieces.
You spent 2550 gold pieces at shops.

Inventory:

Hand Weapons
 Y - the +8 pair of quick blades "Gyre" and "Gimble" (weapon) {protect}
   (You found it on level 12 of the Dungeon)
Armour
 i - a scarf of repulsion (worn)
 q - the +12 plate armour of the Loofah (worn) {rCorr Stlth+}
   (You bought it in a shop on level 2 of the Orcish Mines)

   rCorr:     It protects you from acid and corrosion.
   Stlth+:    It makes you more stealthy.
 A - a scarf of resistance
 F - a +2 pair of boots of stealth (worn)
 M - a +2 hat (worn)
 O - a +2 pair of gloves of strength (worn)
Jewellery
 u - a ring of flight
 v - the ring of the Cockatrice {rElec rF+ rC+ Str-5}
   (You found it on level 5 of the Dungeon)

   [ring of protection from cold]

   Str-5:     It affects your strength (-5).
   rF+:       It protects you from fire.
   rC+:       It protects you from cold.
   rElec:     It insulates you from electricity.
 y - a ring of see invisible
 N - a ring of positive energy
 Q - a +4 ring of slaying (right hand)
 R - the brooch of Shielding (around neck) {Spirit SH+8}
   (You found it in a Gauntlet)

   [amulet of guardian spirit]

   Spirit:    It causes incoming damage to be divided between your reserves of
   health and magic.
   SH+8:      It affects your SH (+8).
 V - a +4 ring of slaying (left hand)
Wands
 n - a wand of warping (42)
 r - a wand of paralysis (37)
 z - a wand of digging (20)
 B - a wand of polymorph (23)
 C - a wand of flame (71)
 S - a wand of mindburst (14)
 X - a wand of quicksilver (26)
Scrolls
 a - 5 scrolls of poison
 d - 16 scrolls of teleportation
 e - 3 scrolls of fog
 j - a scroll of silence
 m - 7 scrolls of enchant armour
 o - a scroll of blinking
 p - 7 scrolls of enchant weapon
 w - a scroll of butterflies
 x - 6 scrolls of identify
 E - 2 scrolls of brand weapon
 G - a scroll of amnesia
 I - 5 scrolls of fear
 L - 2 scrolls of immolation
 T - 3 scrolls of revelation
Potions
 f - 9 potions of lignification
 g - 2 potions of attraction
 h - 2 potions of magic
 k - 2 potions of resistance
 l - a potion of berserk rage
 s - 2 potions of mutation
 t - 3 potions of ambrosia
 H - 8 potions of curing
 J - 6 potions of brilliance
 K - 3 potions of heal wounds
 P - a potion of might
 W - 2 potions of haste
 Z - 2 potions of invisibility
Miscellaneous
 b - a phantom mirror
 c - a Gell's gravitambourine (inert)
 D - a tin of tremorstones (2/2)
 U - a box of beasts (inert)


   Skills:
 - Level 12.2 Fighting
 - Level 14.0 Short Blades
 - Level 10.0 Axes
 + Level 12.1 Armour
 - Level 10.0 Dodging
 - Level 8.7 Shields
 - Level 22.0 Invocations
 - Level 13.0 Evocations


You had 17 spell levels left.
You didn't know any spells.
Your spell library contained the following spells:

 Spells                   Type           Power      Damage    Failure   Level
 Freeze                   Ice            0%         1d3       98%         1
 Kiss of Death            Conj/Necr      0%         2d5       98%         1
 Summon Small Mammal      Summ           0%         N/A       98%         1
 Cigotuvi's Dreadful Rot  Necr/Alch/Air  0%         N/A       99%         2
 Ensorcelled Hibernation  Hex/Ice        0%         N/A       99%         2
 Jinxbite                 Hex            0%         N/A       99%         2
 Lesser Beckoning         Tloc           0%         N/A       99%         2
 Call Canine Familiar     Summ           0%         N/A       100%        3
 Confusing Touch          Hex            0%         N/A       100%        3
 Frozen Ramparts          Ice            0%         1d1       100%        3
 Hailstorm                Conj/Ice       0%         3d5       100%        3
 Maxwell's Portable Pile  Tloc           0%         2d(5-13)  100%        3
 Passwall                 Erth           0%         N/A       100%        3
 Sigil of Binding         Hex            0%         N/A       100%        3
 Swiftness                Air            0%         N/A       100%        3
 Teleport Other           Tloc           0%         N/A       100%        3
 Tukima's Dance           Hex            0%         N/A       100%        3
 Volatile Blastmotes      Fire/Tloc      0%         2d10      100%        3
 Dimensional Bullseye     Hex/Tloc       0%         N/A       100%        4
 Dispel Undead            Necr           0%         3d6       100%        4
 Ignite Poison            Fire/Alch      0%         N/A       100%        4
 Leda's Liquefaction      Alch/Erth      0%         N/A       100%        4
 Martyr's Knell           Necr/Summ      0%         N/A       100%        4
 Petrify                  Alch/Erth      0%         N/A       100%        4
 Sticky Flame             Fire/Alch      0%         2d4       100%        4
 Summon Blazeheart Golem  Fire/Summ      0%         N/A       100%        4
 Vhi's Electric Charge    Tloc/Air       0%         N/A       100%        4
 Alistair's Intoxication  Alch           0%         N/A       100%        5
 Lee's Rapid Deconstruct  Erth           0%         3d4*      100%        5
 Yara's Violent Unravell  Hex/Alch       0%         3d3       100%        5
 Bombard                  Conj/Erth      0%         9d1       100%        6
 Dispersal                Tloc           0%         N/A       100%        6
 Gell's Gavotte           Tloc           0%         2d(11-16) 100%        6
 Permafrost Eruption      Ice/Erth       0%         2x4d1     100%        6
 Enfeeble                 Hex            0%         N/A       100%        7
 Manifold Assault         Tloc           0%         N/A       100%        7
 Disjunction              Tloc           0%         N/A       100%        8
 Ignition                 Fire           0%         3d3       100%        8
 Chain Lightning          Conj/Air       0%         N/A       100%        9
 Fire Storm               Conj/Fire      0%         5d1       100%        9
 Shatter                  Erth           0%         3d5*      100%        9


Dungeon Overview and Level Annotations

Branches:
Dungeon (15/15)            Temple (1/1) D:4            Lair (5/5) D:10
 Shoals (4/4) Lair:3        Snake (4/4) Lair:2        Slime (0/5) Lair:4
    Orc (2/2) D:12            Elf (0/3) Orc:2        Vaults (0/5) D:14
 Depths (0/4) D:15        Ossuary (visited)         Gauntlet (visited)

Altars:
Ashenzari
Cheibriados
Dithmenos
Fedhas
Gozag
Hepliaklqana
Kikubaaqudgha
Makhleb
Nemelex Xobeh
Okawaru
Qazlal
Ru
Sif Muna
Trog
Uskayaw
Vehumet
Wu Jian
Xom
Yredelemnul
Beogh
Jiyva

Shops:
D:6 (   Orc:2 :=[(   Shoals:2 ([   Snake:4 *

Portals:
Abyss: D:8

Annotations:
D:14 3 runed translucent doors, Ujyxuu Gaynk's ghost, adept CoAr


Innate Abilities, Weirdness & Mutations

Your demonic aura often causes spilled blood to erupt in flames.
You are completely covered in razor-sharp scales. (AC +3, Slay +3)
Your presence sometimes corrodes those you injure.
You have a tail ending in a sharp stinger.
You are shadowed, sometimes releasing foul flame when damaged in melee.
You are clumsy. (Dex -2)
Your magical capacity is low. (-10% MP)


Message History

The nagaraja mumbles some strange words.
The nagaraja seems to speed up.
You feel extremely sick.
The nagaraja hits your mature batweird beast with a +0 club!
The nagaraja grabs your mature batweird beast.
The nagaraja constricts your mature batweird beast!
Your mature batweird beast hits the nagaraja but does no damage.
The nagaraja gestures at you while chanting.
The poison arrow hits your mature batweird beast!!!
Your mature batweird beast looks as sick as possible!
The nagaraja constricts your mature batweird beast.
Your mature batweird beast hits the nagaraja!
Unknown command.
You feel very sick.
Your mature batweird beast hits the nagaraja!
The nagaraja is engulfed in blazing flames.
Your corrupting presence corrodes the nagaraja!
The nagaraja gestures at you while chanting.
The bolt of poison hits your mature batweird beast!!
Your mature batweird beast looks as sick as possible!
Your mature batweird beast dies!
Your mature batweird beast's corpse disappears in a puff of smoke!
The bolt of poison hits you but does no damage.
You are lethally poisoned!
The nagaraja is engulfed in blazing flames.
The nagaraja spits poison at you.
The splash of poison hits you but does no damage.
You are more poisoned.
You have difficulty breathing.
* * * LOW HITPOINT WARNING * * *
You feel as though you will be slow longer.
The nagaraja is engulfed in blazing flames.
A demon appears!
* * * LOW HITPOINT WARNING * * *
You feel extremely sick. The nagaraja spits poison at you.
The splash of poison hits you but does no damage.
You are more poisoned.
You have difficulty breathing.
You die...

..# #N#$#)# #......# ..#
#.†)# #......## ..#
#)).# ##.......# ..# ##
#N.N######.[#.......#
..#
.#..###☼.#..#..#.......#
..# #...
#☼§N.##.#####.....# .###
.N#N. #.2.#..#.# #.....#
.#.##.###.#####.###.#
#.....# .##.#
#..#..#..#@.#.# #.....##
.#..## #≈#..#..#≈#.##
#......# .'...#
#..##.##..#^# ##......##
.##+.# #)†)..#.###
#........#
...########)).####
#........#
...........###§....
##......##
##########..≈.§....
#......## ..#
#..≈....... ##.....∩.#
..# #..≈.......
#.......##


You could see 2 nagarajas and a friendly green death (summoned).

Vanquished Creatures
  Vashnia (Snake:2)
  Jorgrun (D:15)
  Mlioglotl (Shoals:3)
  2 krakens
  Kirke (D:13)
  Roxanne (Snake:3)
  2 nagarajas
  A formless jellyfish (Shoals:3)
  A minotaur (Gauntlet)
  A dire elephant (D:15)
  4 merfolk javelineers
  4 merfolk impalers
  A fire dragon (D:15)
  3 vault guards (D:14)
  The ghost of Konar the Skirmisher, a journeyman CoHu of Okawaru (D:11)
  3 hydras
  2 salamander tyrants
  An ogre mage (Orc:2)
  A centaur warrior (D:14)
  6 merfolk avatars
  2 alligator snapping turtles
  3 merfolk aquamancers
  7 anacondas
  4 two-headed ogres
  A catoblepas (D:15)
  A boulder beetle (Lair:3)
  10 death yaks
  3 satyrs
  4 tengu warriors
  14 naga warriors
  An occultist (D:15)
  4 orc high priests (Orc:2)
  9 shock serpents
  Nergalle (Orc:1)
  7 naga sharpshooters
  The ghost of Picsou the Protected, a novice MiFi of Trog (D:6)
  A skeletal warrior (D:14)
  Amaemon (Lair:1)
  The ghost of Lanoc the Skirmisher, a novice CoHu of Okawaru (D:8)
  5 salamander mystics
  6 skysharks
  28 sea snakes
  17 mana vipers
  An arcanist (D:8)
  7 naga ritualists
  5 orc knights (Orc:2)
  2 obsidian bats (Orc:1)
  21 harpies
  A wolf spider (D:15)
  A necromancer (Gauntlet)
  2 deep elf pyromancers
  3 orc sorcerers
  6 ugly things (D:15)
  9 manticores
  18 salamanders
  An oklob plant (Lair:4)
  8 fauns
  9 cyclopes
  6 meliai
  A meliai (shapeshifter) (D:13)
  A moth of wrath (D:11)
  18 naga magi
  A toenail golem (D:8)
  8 elephants (Lair:5)
  9 merfolk sirens
  44 black mambas
  2 kobold blastminers (Orc:2)
  An orange demon (Lair:1)
  3 guardian serpents (Snake:4)
  6 water nymphs
  9 cane toads
  Maggie (D:6)
  A gargoyle (D:12)
  2 kobold demonologists
  4 yaktaurs (D:15)
  An unseen horror (D:12)
  2 rime drakes
  An ancient zyme (D:8)
  10 komodo dragons
  A tengu conjurer (D:14)
  7 trolls
  7 polar bears
  24 merfolk
  6 wind drakes
  2 hornets
  14 blink frogs
  A tarantella (shapeshifter) (D:15)
  10 dream sheep
  12 snapping turtles
  11 slime creatures
  22 yaks
  4 shadows (D:11)
  12 wyverns
  A spriggan (D:12)
  A vampire (D:11)
  13 water elementals
  2 wargs
  A wraith (D:12)
  A neqoxec (Gauntlet)
  A steam dragon (Lair:5)
  5 basilisks
  2 hogs (D:13)
  9 vampire mosquitoes
  Menkaure (D:6)
  2 chaos spawn (Gauntlet)
  An acid dragon (D:14)
  19 nagas
  2 small abominations (D:8)
  13 water moccasins
  24 orc warriors
  4 black bears
  4 laughing skulls
  20 wolves
  A sky beast (D:8)
  3 ogres
  12 centaurs
  2 phantoms
  Blork the orc (D:6)
  13 kobold brigands
  A weeping skull (Gauntlet)
  10 bullfrogs
  An elf zombie (Ossuary)
  2 gnoll sergeants
  3 scorpions
  9 wights
  20 killer bees
  8 electric eels
  2 howler monkeys
  3 bombardier beetles
  5 centaur zombies (Ossuary)
  6 hounds
  5 jellies
  19 orc priests
  A gnoll bouda (D:8)
  A sleepcap (D:8)
  5 hell rats (Lair:3)
  20 orc wizards
  Natasha (thrice) (D:3)
  9 iguanas
  7 mummies (Ossuary)
  18 gnolls
  7 adders
  8 river rats (Lair:3)
  A shadow imp (D:7)
  3 white imps
  6 adder zombies (Ossuary)
  3 ribbon worms
  2 dart slugs (D:2)
  56 orcs
  4 endoplasms
  4 giant cockroaches
  2 goblins
  4 hobgoblins
  4 jackals (D:4)
  5 quokkas
  2 ball pythons (D:1)
  7 bats
  A frilled lizard (D:3)
  A gnoll zombie (Ossuary)
  3 goblin zombies (Ossuary)
  3 hobgoblin zombies (Ossuary)
  25 kobolds
  4 kobold zombies (Ossuary)
  5 quokka zombies (Ossuary)
  6 rats
  2 rat zombies (Ossuary)
  6 tentacles
1017 creatures vanquished.

Vanquished Creatures (collateral kills)
  2 merfolk impalers (Shoals:4)
  A hydra (D:14)
  A vault guard (D:14)
  A centaur warrior (D:14)
  An ugly thing (D:14)
  2 cyclopes
  A vampire mosquito (D:14)
  3 nagas (Snake:4)
  An orc priest (Orc:2)
13 creatures vanquished.

Vanquished Creatures (others)
  A harpy (Shoals:1)
  A water elemental (Shoals:1)
  A howler monkey (D:13)
  5 tentacles
8 creatures vanquished.

Grand Total: 1038 creatures vanquished

Notes
Turn   | Place    | Note
-------+----------+-------------------------------------------
     0 | D:1      | Alarak the Demonspawn Fighter began the quest for the Orb.
     0 | D:1      | Reached XP level 1. HP: 18/18 MP: 1/1
   236 | D:1      | Gained mutation: You are faintly shadowed, very rarely
                  | releasing foul flame when damaged in melee. [demonic
                  | ancestry]
   236 | D:1      | Reached XP level 2. HP: 24/24 MP: 2/2
  1050 | D:2      | Gained mutation: You are partially covered in razor-sharp
                  | scales. (AC +1, Slay +1) [demonic ancestry]
  1050 | D:2      | Reached XP level 3. HP: 28/29 MP: 3/3
  1745 | D:3      | Gained mutation: You have a small tail. [demonic ancestry]
  1745 | D:3      | Reached XP level 4. HP: 35/35 MP: 4/4
  1851 | D:3      | Noticed Natasha
  1855 | D:3      | Killed Natasha
  2312 | D:3      | Noticed Natasha
  2323 | D:3      | Killed Natasha
  2324 | D:3      | Reached XP level 5. HP: 7/41 MP: 5/5
  2628 | D:3      | Noticed Natasha
  2637 | D:3      | Killed Natasha
  2638 | D:3      | Reached skill level 5 in Axes
  2760 | D:4      | Noticed a black bear
  2768 | D:4      | Killed a black bear
  2780 | D:4      | Reached XP level 6. HP: 15/47 MP: 6/6
  2940 | D:4      | Found a staircase to the Ecumenical Temple.
  2983 | Temple   | Entered the Ecumenical Temple
  3833 | D:5      | Entered Level 5 of the Dungeon
  3840 | D:5      | Reached skill level 5 in Fighting
  3845 | D:5      | Reached XP level 7. HP: 50/56 MP: 7/7
  3973 | D:5      | Identified the ring of the Cockatrice {rElec rF+ rC+ Str-5}
  4597 | D:6      | Noticed a troll
  4640 | D:6      | Killed a troll
  4641 | D:6      | Reached XP level 8. HP: 44/68 MP: 8/8
  4784 | D:6      | Noticed Blork the orc
  4794 | D:6      | Killed Blork the orc
  4890 | D:6      | Found Riweuth's Weapon Shop.
  4891 | D:6      | Noticed Maggie
  4892 | D:6      | Noticed Menkaure
  4901 | D:6      | Killed Maggie
  4902 | D:6      | Reached skill level 5 in Armour
  4950 | D:6      | Killed Menkaure
  5320 | D:6      | Found a runed translucent gate.
  5321 | D:6      | Found a runed translucent gate.
  5322 | D:6      | Noticed Picsou's ghost (novice MiFi)
  5323 | D:6      | Found a runed translucent gate.
  5571 | D:7      | Reached XP level 9. HP: 73/73 MP: 9/9
  5717 | D:7      | Found a sand-covered staircase.
  5723 | Ossuary  | Entered an ossuary
  5788 | Ossuary  | Reached skill level 5 in Shields
  6548 | D:7      | Noticed a troll
  6554 | D:7      | Killed a troll
  6710 | D:8      | Found a transporter.
  6764 | D:8      | Noticed an arcanist
  6766 | D:8      | Noticed an ancient zyme
  7070 | D:8      | Found a one-way gate to the infinite horrors of the Abyss.
  7070 | D:8      | Noticed Lanoc's ghost (novice CoHu)
  7080 | D:8      | Found a transporter.
  7081 | D:8      | Noticed a toenail golem
  7119 | D:8      | Gained mutation: You are mostly covered in razor-sharp
                  | scales. (AC +2, Slay +2) [demonic ancestry]
  7119 | D:8      | Reached XP level 10. HP: 74/80 MP: 10/10
  7860 | D:9      | Found a burning altar of Makhleb.
  7863 | D:9      | Found a bloodstained altar of Trog.
  7875 | D:9      | Became a worshipper of Makhleb the Destroyer
  7939 | D:9      | Found a sacrificial altar of Ru.
  7939 | D:9      | Found a stormy altar of Qazlal.
  8020 | D:9      | Noticed a two-headed ogre
  8028 | D:9      | Killed a two-headed ogre
  8184 | D:10     | Entered Level 10 of the Dungeon
  8342 | D:10     | Found an ancient bone altar of Kikubaaqudgha.
  8440 | D:10     | Found a staircase to the Lair.
  8455 | D:10     | Reached * piety under Makhleb
  9014 | D:11     | Reached skill level 10 in Axes
  9027 | D:11     | Reached XP level 11. HP: 67/86 MP: 11/11
  9127 | D:11     | Found a gate leading to a gauntlet.
  9315 | Gauntlet | Entered a Gauntlet
  9315 | Gauntlet | Found a transporter.
  9315 | Gauntlet | Found a runed translucent door.
  9315 | Gauntlet | Found a transporter.
  9321 | Gauntlet | Found a transporter.
  9342 | Gauntlet | Found a transporter.
  9347 | Gauntlet | Found a runed translucent door.
  9349 | Gauntlet | Found the brooch of Shielding {Spirit SH+8}
  9350 | Gauntlet | Found a transporter.
  9350 | Gauntlet | Found a transporter.
  9352 | Gauntlet | Found a transporter.
  9352 | Gauntlet | Found a transporter.
  9354 | Gauntlet | Noticed a death yak
  9354 | Gauntlet | Noticed a death yak
  9355 | Gauntlet | Noticed a death yak
  9355 | Gauntlet | Noticed a death yak
  9356 | Gauntlet | Noticed a dire elephant
  9357 | Gauntlet | Noticed a death yak
  9365 | Gauntlet | Found a transporter.
  9380 | Gauntlet | Found a transporter.
  9383 | Gauntlet | Noticed a necromancer
  9387 | Gauntlet | Noticed a necromancer
  9388 | Gauntlet | Noticed a death yak
  9388 | Gauntlet | Noticed a death yak
  9389 | Gauntlet | Noticed a death yak
  9389 | Gauntlet | Noticed a death yak
  9390 | Gauntlet | Found a transporter.
  9390 | Gauntlet | Noticed a death yak
  9390 | Gauntlet | Noticed a death yak
  9407 | Gauntlet | Found a transporter.
  9424 | Gauntlet | Found a transporter.
  9424 | Gauntlet | Found a transporter.
  9427 | Gauntlet | Found a runed translucent door.
  9462 | Gauntlet | Gained mutation: Your magical capacity is low. (-10% MP) [a
                  | neqoxec]
  9465 | Gauntlet | Gained mutation: You are clumsy. (Dex -2) [a neqoxec]
  9493 | Gauntlet | Identified the +8 mace of Gokipudo {venom, rN+ rCorr}
  9595 | Gauntlet | Identified the +10 sling of Res Nullius {flame, rCorr
                  | Dex+6}
  9705 | Gauntlet | Killed a death yak
  9706 | Gauntlet | Reached skill level 10 in Fighting
  9710 | Gauntlet | Killed a death yak
  9713 | Gauntlet | Killed a death yak
  9719 | Gauntlet | Killed a necromancer
  9725 | Gauntlet | Killed a death yak
  9727 | Gauntlet | Killed a death yak
  9727 | Gauntlet | Reached ** piety under Makhleb
  9917 | Gauntlet | Noticed a minotaur
  9932 | Gauntlet | Killed a minotaur
 10112 | Gauntlet | Got the Omnibus of the Unrefined Ground
 10201 | D:11     | Found a transporter.
 10219 | D:11     | Noticed a tengu warrior
 10229 | D:11     | Found a bloodstained altar of Trog.
 10230 | D:11     | Noticed Konar's ghost (journeyman CoHu)
 10236 | D:11     | Found a transporter.
 10834 | D:12     | Found a staircase to the Orcish Mines.
 10849 | D:12     | Found a roughly hewn altar of Beogh.
 10855 | D:12     | Reached skill level 1 in Invocations
 11133 | D:12     | Reached skill level 2 in Invocations
 11165 | D:12     | Reached skill level 3 in Invocations
 11171 | D:12     | Gained mutation: Your demonic aura sometimes causes spilled
                  | blood to erupt in flames. [demonic ancestry]
 11171 | D:12     | Reached XP level 12. HP: 96/102 MP: 11/13
 11235 | D:12     | Reached skill level 4 in Invocations
 11240 | D:12     | Reached skill level 5 in Invocations
 11242 | D:12     | Noticed a two-headed ogre
 11248 | D:12     | Reached skill level 6 in Invocations
 11251 | D:12     | Killed a two-headed ogre
 11252 | D:12     | Reached skill level 7 in Invocations
 11274 | D:12     | Noticed a two-headed ogre
 11281 | D:12     | Killed a two-headed ogre
 11426 | D:12     | Reached skill level 8 in Invocations
 11800 | D:12     | Found the +8 pair of quick blades "Gyre" and "Gimble"
                  | {protect}
 11982 | Lair:1   | Entered Level 1 of the Lair of Beasts
 12010 | Lair:1   | Reached skill level 1 in Short Blades
 12149 | Lair:1   | Reached *** piety under Makhleb
 12520 | Lair:1   | Noticed Amaemon
 12541 | Lair:1   | Killed Amaemon
 12546 | Lair:1   | Reached skill level 5 in Short Blades
 13251 | Lair:2   | Found a staircase to the Snake Pit.
 13504 | Lair:2   | Reached **** piety under Makhleb
 13523 | Lair:2   | Gained mutation: You are shadowed, sometimes releasing foul
                  | flame when damaged in melee. [demonic ancestry]
 13523 | Lair:2   | Reached XP level 13. HP: 96/108 MP: 12/17
 13677 | Lair:2   | You fall into a shaft and drop 2 floors!
 14751 | Lair:3   | Found a staircase to the Shoals.
 14830 | Lair:3   | Reached skill level 10 in Short Blades
 15095 | Lair:4   | Reached ***** piety under Makhleb
 15103 | Lair:4   | Found a staircase to the Slime Pits.
 15269 | Lair:4   | Found a sparkling altar of Nemelex Xobeh.
 15949 | Lair:5   | Entered Level 5 of the Lair of Beasts
 16382 | Lair:5   | Gained mutation: You are completely covered in razor-sharp
                  | scales. (AC +3, Slay +3) [demonic ancestry]
 16382 | Lair:5   | Reached XP level 14. HP: 111/115 MP: 15/18
 17352 | Orc:1    | Entered Level 1 of the Orcish Mines
 17352 | Orc:1    | Noticed Nergalle
 17359 | Orc:1    | Killed Nergalle
 17465 | Orc:2    | Entered Level 2 of the Orcish Mines
 17465 | Orc:2    | Found a staircase to the Elven Halls.
 17522 | Orc:2    | Reached ****** piety under Makhleb
 17658 | Orc:2    | Reached skill level 9 in Invocations
 17679 | Orc:2    | Reached skill level 10 in Invocations
 17750 | Orc:2    | Found Adonlo's Jewellery Shop.
 17750 | Orc:2    | Found Poycuen's Book Emporium.
 17760 | Orc:2    | Found Tyvva's Weapon Shop.
 17760 | Orc:2    | Found Jeomi's Antique Armour Emporium.
 17766 | Orc:2    | Bought a +4 ring of slaying for 504 gold pieces
 18124 | Orc:2    | Found a roughly hewn altar of Beogh.
 18136 | Orc:2    | Reached skill level 11 in Invocations
 18323 | Orc:2    | Bought a slimy plate armour for 588 gold pieces
 18323 | Orc:2    | Identified the +1 plate armour "Ewiotax" {-Cast rN+ Will+
                  | rCorr} (You bought it in a shop on level 2 of the Orcish
                  | Mines)
 18345 | Orc:2    | Bought a twisted plate armour for 588 gold pieces
 18345 | Orc:2    | Identified the +12 plate armour of the Loofah {rCorr
                  | Stlth+} (You bought it in a shop on level 2 of the Orcish
                  | Mines)
 18459 | Orc:1    | Reached skill level 12 in Invocations
 19200 | D:6      | Killed Picsou's ghost
 19269 | D:8      | Reached skill level 13 in Invocations
 19272 | D:8      | Killed Lanoc's ghost
 19363 | D:8      | Reached skill level 14 in Invocations
 19478 | D:11     | Killed Konar's ghost
 19479 | D:11     | Reached skill level 15 in Invocations
 19755 | D:13     | Noticed Kirke
 19763 | D:13     | Killed Kirke
 19764 | D:13     | Reached skill level 16 in Invocations
 20094 | D:14     | Found a runed translucent gate.
 20094 | D:14     | Found a runed translucent gate.
 20095 | D:14     | Found a runed translucent gate.
 20095 | D:14     | Noticed Ujyxuu Gaynk's ghost (adept CoAr)
 20226 | D:14     | Reached skill level 17 in Invocations
 20258 | D:14     | Found a gate to the Vaults.
 20273 | D:14     | Gained mutation: Your presence sometimes corrodes those you
                  | injure. [demonic ancestry]
 20273 | D:14     | Reached XP level 15. HP: 91/121 MP: 18/25
 20277 | D:14     | Reached skill level 18 in Invocations
 20278 | D:14     | Reached skill level 1 in Dodging
 20705 | D:15     | Entered Level 15 of the Dungeon
 20706 | D:15     | Identified 2 scrolls of acquirement
 20707 | D:15     | Acquired a +2 heavy executioner's axe
 20710 | D:15     | Acquired 295 gold pieces
 20722 | D:15     | Found a viscous altar of Jiyva.
 20856 | D:15     | Reached skill level 5 in Dodging
 21160 | D:15     | Found a staircase to the Depths.
 21240 | D:15     | Reached skill level 19 in Invocations
 21487 | D:15     | Noticed Jorgrun
 21491 | D:15     | Killed Jorgrun
 22034 | Shoals:1 | Entered Level 1 of the Shoals
 22036 | Shoals:1 | Reached skill level 20 in Invocations
 22129 | Shoals:1 | Reached skill level 21 in Invocations
 22592 | Shoals:1 | Noticed a kraken
 22605 | Shoals:1 | Killed a kraken
 23175 | Shoals:2 | Gained mutation: Your demonic aura often causes spilled
                  | blood to erupt in flames. [demonic ancestry]
 23175 | Shoals:2 | Reached XP level 16. HP: 127/127 MP: 27/27
 23239 | Shoals:2 | Reached skill level 22 in Invocations
 23240 | Shoals:2 | Identified the +0 robe of a Labyrinth {rC++ Stlth+}
 23388 | Shoals:2 | Found Femysuet's Weapon Shop.
 23458 | Shoals:2 | Found Ummick's Armour Shoppe.
 23497 | Shoals:2 | Noticed a kraken
 23511 | Shoals:2 | Killed a kraken
 24024 | Shoals:3 | Noticed Mlioglotl
 24034 | Shoals:3 | Killed Mlioglotl
 24450 | Shoals:3 | Reached skill level 10 in Armour
 24736 | Shoals:4 | Entered Level 4 of the Shoals
 24747 | Shoals:4 | Found a flickering gateway to a bazaar.
 24777 | Bazaar   | Entered a bazaar
 24801 | Bazaar   | Found Aliedi's Assorted Antiques.
 24809 | Bazaar   | Found Juimuc's Magic Scroll Shop.
 24814 | Bazaar   | Found Nokeyhuo's Antique Weapon Shop.
 24826 | Bazaar   | Found Lessy's Antique Armour Emporium.
 24830 | Bazaar   | Found Looro's Assorted Antiques.
 24847 | Bazaar   | Bought a pair of bloodstained boots for 256 gold pieces
 24847 | Bazaar   | Identified the +0 pair of boots of the Cicada {Will+ rCorr
                  | Dex+5} (You bought it in a shop in a bazaar)
 24857 | Bazaar   | Bought a pair of runed gloves for 202 gold pieces
 24857 | Bazaar   | Bought a pair of embroidered gloves for 202 gold pieces
 24883 | Bazaar   | Bought a scroll of revelation for 105 gold pieces
 24883 | Bazaar   | Bought a scroll of revelation for 105 gold pieces
 25009 | Shoals:4 | Got the Octavo of Posthumous Malediction
 26005 | Shoals:4 | Reached skill level 10 in Dodging
 26005 | Shoals:4 | Reached XP level 17. HP: 101/133 MP: 17/28
 26011 | Shoals:4 | Reached skill level 1 in Evocations
 26072 | Shoals:4 | Got a barnacled rune of Zot
 26231 | Snake:1  | Entered Level 1 of the Snake Pit
 26922 | Snake:1  | Reached skill level 5 in Evocations
 27703 | Snake:2  | Found a snail-covered altar of Cheibriados.
 28134 | Snake:2  | Noticed Vashnia
 28146 | Snake:2  | Killed Vashnia
 29016 | Snake:3  | Reached skill level 10 in Evocations
 29033 | Snake:3  | Noticed Roxanne
 29039 | Snake:3  | Killed Roxanne
 30374 | Snake:3  | Identified the +10 scale mail of the Gusle {+Blink}
 30861 | Snake:3  | Gained mutation: You have a tail ending in a sharp stinger.
                  | [demonic ancestry]
 30861 | Snake:3  | Reached XP level 18. HP: 140/140 MP: 29/29
 30939 | Snake:4  | Entered Level 4 of the Snake Pit
 31538 | Snake:4  | Found Fidghot's General Store.
 31750 | Snake:4  | HP: 3/140 [poisoned by nagaraja (concentrated venom)]
 31750 | Snake:4  | Asphyxiated

Illustrated notes

Levels and vault maps discovered:
D:1:      giann_forest_graveyard, layout_loops_ring
D:2:      layout_loops_ring, serial_bayou_crossing
D:3:      layout_loops_corners, uniq_natasha
D:4:      layout_basic, temple_pool_b, chequers_jeans
D:5:      layout_cave_pods
D:6:      layout_gridville, serial_shops, shop, gammafunk_ghost_nasty_kobolds,
          minivault_10, uniq_blork_the_orc, uniq_maggie, uniq_menkaure
D:7:      layout_gridville, enter_ossuary_2, lightli_orcish_oven
D:8:      layout_basic, gammafunk_ghost_abyssal_escape
D:9:      layout_roguey, chequers_temple_overflow_statue_of_worship,
          jmf_multi_god_temple2
D:10:     layout_irregular_city, kiku_gazebo_garden_becter, david_lair_shrubbed
D:11:     layout_cave_pods, gauntlet_entry_generic,
          gammafunk_ghost_wrathful_warriors, eino_jars
D:12:     layout_irregular_city, minmay_orc_entry_temple_small,
          hellmonk_guarded_unrand_gyre_and_gimble
D:13:     layout_rooms, uniq_kirke
D:14:     layout_rooms, lightli_vaults_fourway_checkpoint,
          ebering_ghost_rock_garden, chequers_serial_rivers_micro_d
D:15:     hangedman_depths_entry_try_elsewhere_first, layout_basic,
          jiyva_altar_1, uniq_jorgrun
Temple:   minmay_crystal_spiral_temple
Lair:1:   layout_regular_city, grunt_megastairs_1, uniq_amaemon
Lair:2:   layout_gridlike, dummy_snake_entry, lemuel_fruit_fields
Lair:3:   layout_regular_city, elwin_shoals_entry_rooms,
          kennysheep_abandoned_house, serial_bayou_shore_b
Lair:4:   layout_roguey, slime_entry_1, lemuel_oklob_altar, lemuel_fruit_tree
Lair:5:   gammafunk_lair_ancient_temple, layout_layer_cave, st_stairs_9,
          grunt_megastairs_4
Shoals:1: layout_shoals
Shoals:2: layout_shoals, serial_shops, shop, shop
Shoals:3: cheibrodos_shoals_satyrical_garden, layout_shoals, ldierk_geyser,
          uniq_mlioglotl
Shoals:4: shoals_end_simple, layout_shoals, serial_shops, bzr_entry_islet
Snake:1:  layout_onion, serial_bayou_shore_b
Snake:2:  layout_misc_corridors, basic_altar, uniq_vashnia
Snake:3:  layout_basic, grunt_megastairs_5, serial_bayou_shore_b, uniq_roxanne
Snake:4:  johnstein_snake_rune_scales, layout_cave_town, serial_shops, shop,
          nicolae_snake_scaly_snakehead, serial_bayou_shore_a
Orc:1:    layout_caves, portal_ice_cave_entry_pillars_2, uniq_nergalle
Orc:2:    grunt_orc_tribal_feast, layout_caves, nicolae_orc_seminary

Skill      XL: |  1  2  3  4  5  6  7  8  9 10 11 12 13 14 15 16 17 18 |
---------------+-------------------------------------------------------+-----
Axes           | 2 3 4 5 10 | 10.0
Fighting       | 5 7 12 | 12.2
Armour         | 6 7 10 12 | 12.1
Shields        | 4 8 |  8.7
Invocations    | 3 8 17 21 22 | 22.0
Short Blades   | 7 12 14 | 14.0
Dodging        | 6 10 | 10.0
Evocations     | 12 13 | 13.0

Action                     |  1- 3 |  4- 6 |  7- 9 | 10-12 | 13-15 | 16-18 || total
---------------------------+-------+-------+-------+-------+-------+-------++-------
  Melee: War axe           |   120 |   109 |   353 |   340 |       |       ||   922
         Tailslap          |       |    15 |    56 |   124 |   476 |   414 ||  1085
         Pair of quick bla |       |       |       |   340 |  1996 |  1714 ||  4050
         Battleaxe         |       |       |       |       |     3 |       ||     3
 Invoke: Minor Destruction |       |       |       |    15 |   178 |   159 ||   352
         Lesser Servant of |       |       |       |       |     2 |       ||     2
         Greater Servant o |       |       |       |       |     2 |     3 ||     5
         Major Destruction |       |       |       |       |       |     4 ||     4
  Evoke: Wand              |       |       |     8 |     3 |       |       ||    11
         Tin of tremorston |       |       |       |       |       |     1 ||     1
         Gell's gravitambo |       |       |       |       |       |     2 ||     2
         Box of beasts     |       |       |       |       |       |     1 ||     1
    Use: Scroll            |     7 |     2 |    14 |     4 |     7 |     5 ||    39
         Potion            |       |     1 |     2 |     7 |     2 |    10 ||    22
   Stab: Paralysed         |       |       |     6 |     3 |       |       ||     9
         Confused          |       |       |     1 |       |       |       ||     1
         Distracted        |       |       |       |       |     1 |       ||     1
 Armour: Scale mail        |    69 |       |       |       |       |       ||    69
         Chain mail        |    39 |    98 |   295 |   235 |       |       ||   667
         Plate armour      |       |       |       |   173 |   548 |   445 ||  1166
  Dodge: Dodged            |    64 |    37 |   130 |   110 |   123 |   175 ||   639
         Repelled          |     1 |       |    10 |    15 |    34 |    74 ||   134
  Block: Buckler           |    31 |    30 |    96 |    13 |       |       ||   170
         Kite shield       |       |       |       |   306 |       |       ||   306
         Other             |       |       |       |    31 |   171 |   149 ||   351

Table legend: (Time is in decaauts)
 A = Elapsed time spent in this place.
 B = Non-inter-level travel time spent in this place.
 C = Inter-level travel time spent in this place.
 D = Time resting spent in this place.
 E = Time spent auto-exploring this place.
 F = Levels seen in this place.
 G = Mean time per level.
                   A        B        C        D        E       F      G
               +--------+--------+--------+--------+--------+-----+--------+
         Total |  31505 |  28746 |   2759 |   2461 |  21389 |  34 |  926.6 |
       Dungeon |  13761 |  12403 |   1358 |    672 |   9590 |  15 |  917.4 |
        Temple |    177 |      0 |    177 |      0 |      0 |   1 |  177.0 |
          Lair |   5536 |   4983 |    553 |    411 |   3887 |   5 | 1107.2 |
        Shoals |   3734 |   3438 |    296 |      0 |   2843 |   4 |  933.5 |
     Snake Pit |   5381 |   5297 |     84 |   1209 |   3426 |   4 | 1345.2 |
  Orcish Mines |   1488 |   1199 |    289 |      0 |    941 |   2 |  744.0 |
        Bazaar |    112 |    112 |      0 |      0 |     56 |   1 |  112.0 |
       Ossuary |    436 |    436 |      0 |      0 |    242 |   1 |  436.0 |
      Gauntlet |    874 |    874 |      0 |    169 |    402 |   1 |  874.0 |
               +--------+--------+--------+--------+--------+-----+--------+

Top non-repeatable levels by time:
 Snake:3: 1941 daAuts
 Snake:2: 1494 daAuts
    D:11: 1282 daAuts
    D:12: 1272 daAuts
  Lair:3: 1246 daAuts
  Lair:1: 1229 daAuts
  Lair:5: 1219 daAuts
Shoals:4: 1212 daAuts
 Snake:1: 1181 daAuts
    D:15: 1136 daAuts
     D:6: 1098 daAuts
     D:3: 1095 daAuts
   Orc:2: 1024 daAuts
     D:8: 1015 daAuts
Shoals:1: 984 daAuts
